 Dungeon Crawl Stone Soup version 0.28.0-53-g5a82cb258f (webtiles) character file.

Game seed: 7696746861566977754

14 Peloso the Covered (level 2, 0/27 HPs)
             Began as a Minotaur Fighter on May 29, 2022.
             Shot with a sling bullet by a goblin (2 damage)
             ... on level 2 of the Dungeon.
             The game lasted 00:00:45 (1011 turns).

Peloso the Covered (Minotaur Fighter)               Turns: 1011, Time: 00:00:46

Health: 0/27       AC: 11    Str: 20    XL:     2   Next: 31%
Magic:  1/1        EV:  5    Int:  5    God:
Gold:   23         SH:  4    Dex:  9    Spells: 1/1 levels left

rFire   . . .      SeeInvis .   a - +0 long sword
rCold   . . .      Faith    .   c - +0 buckler
rNeg    . . .      Spirit   .   e - +0 plate armour
rPois   .          Reflect  .   (helmet restricted)
rElec   .          Harm     .   (no cloak)
rCorr   .          Rampage  .   (no gloves)
Will    .....                   (no boots)
Stlth   ..........              (no amulet)
HPRegen 0.09/turn               (no ring)
MPRegen 0.07/turn               (no ring)

@: lethally poisoned (0 -> -21)
A: horns 2, retaliatory headbutt
a: no special abilities


You were on level 2 of the Dungeon.
You visited 1 branch of the dungeon, and saw 2 of its levels.

You collected 23 gold pieces.

Inventory:

Hand Weapons
 a - a +0 long sword (weapon)
Armour
 b - a +0 scale mail
 c - a +0 buckler (worn)
 e - a +0 plate armour (worn)
Scrolls
 f - a scroll of summoning {unknown}
 g - a scroll of vulnerability {unknown}
 i - a scroll of enchant armour {unknown}
 j - a scroll of teleportation {unknown}
Potions
 d - a potion of might
 h - a potion of mutation {unknown}


   Skills:
 + Level 3.9 Fighting
 + Level 2.6 Long Blades
 + Level 3.9 Armour
 + Level 3.9 Shields


You had one spell level left.
You didn't know any spells.
Your spell library was empty.

Dungeon Overview and Level Annotations

Branches:
Dungeon (2/15)

Altars:


Innate Abilities, Weirdness & Mutations

You have a pair of horns on your head.
You reflexively headbutt those who attack you in melee.


Message History

There is a stone staircase leading down here.
You climb downwards.
The hobgoblin shouts! x2; You hear a shout! x2
There is a stone staircase leading up here.
There are monsters nearby!
A hobgoblin comes into view.
The hobgoblin shouts!
You hear a shout! x4
A giant cockroach comes into view.
You hit the hobgoblin.
You kill the hobgoblin!
The goblin unwields a +1 dagger of venom.
It stops dripping with poison.
The goblin wields a +0 hunting sling.
The goblin shoots a sling bullet.
The sling bullet hits you.
You closely miss the goblin.
The goblin unwields a +0 hunting sling.
The goblin wields a +1 dagger of venom.
It begins to drip with poison!
The goblin hits you with a +1 dagger of venom.
You miss the goblin. You headbutt the goblin.
The goblin is severely wounded.
The goblin hits you with a +1 dagger of venom.
You barely miss the goblin.
The goblin is severely wounded.
The goblin hits you but does no damage.
You are poisoned.
You closely miss the goblin. Your headbutt misses the goblin.
The goblin is severely wounded.
You feel very sick. The goblin hits you but does no damage.
You are lethally poisoned!
The goblin hits you with a +1 dagger of venom.
You are more poisoned.
* * * LOW HITPOINT WARNING * * *
You feel extremely sick.
The goblin unwields a +1 dagger of venom.
It stops dripping with poison.
The goblin wields a +0 hunting sling.
The goblin shoots a sling bullet.
The sling bullet barely misses you.
There is a stone staircase leading up here.
* * * LOW HITPOINT WARNING * * *
You feel very sick.
The goblin shoots a sling bullet.
The sling bullet hits you.
You die... ≈≈.....# ≈≈....# ≈....# ....# .gB# gg#

#g#
####.#####.#
#....@.....#
#.##########
.. #. #


You could see a giant cockroach, 2 hobgoblins and 2 goblins.

Vanquished Creatures
  A bat (D:1)
  A goblin (D:1)
  A hobgoblin (D:2)
  4 jackals (D:1)
  A quokka (D:1)
  2 ball pythons (D:1)
  A frilled lizard (D:1)
  2 rats (D:1)
13 creatures vanquished.

Vanquished Creatures (others)
  3 plants (D:1)
3 creatures vanquished.

Grand Total: 16 creatures vanquished

Notes
Turn   | Place    | Note
-------+----------+-------------------------------------------
     0 | D:1      | Peloso the Minotaur Fighter began the quest for the Orb.
     0 | D:1      | Reached XP level 1. HP: 19/19 MP: 0/0
    86 | D:1      | Found a faded altar of an unknown god.
   138 | D:1      | Reached XP level 2. HP: 19/27 MP: 1/1
  1011 | D:2      | Shot with a sling bullet by a goblin

Illustrated notes

Levels and vault maps discovered:
D:1:      roderic_chinese_lattice_arrival, layout_loops_ring,
          ebering_ecumenical_altar_petrified, serial_bayou_lagoon_b
D:2:      layout_loops_ring, minmay_goblin_outpost, uniq_natasha, uniq_robin,
          uniq_terence

Action                   || total
-------------------------++-------
Melee: Long sword        ||    34
       Headbutt          ||     4
Armor: Plate armour      ||    22
Dodge: Dodged            ||     9
Block: Buckler           ||     6
